 Dungeon Crawl Stone Soup version 0.27.1 (webtiles) character file.

Game seed: 4160013094875130598

606 Gwenloh the Insei (level 7, -4/46 HPs)
             Began as an Octopode Transmuter on Aug 28, 2021.
             Was an Initiate of Dithmenos.
             Slain by a gnoll sergeant (12 damage)
             ... on level 5 of the Dungeon.
             The game lasted 00:12:29 (5710 turns).

Gwenloh the Insei (Octopode Transmuter)             Turns: 5710, Time: 00:12:29

Health: -4/46      AC:  2    Str:  9    XL:     7   Next: 42%
Magic:  9/11       EV: 20    Int: 17    God:    Dithmenos [......]
Gold:   146        SH:  0    Dex: 24    Spells: 2/12 levels left

rFire    . . .     SeeInvis +     - Unarmed
rCold    . . .     Faith    .   (shield currently unavailable)
rNeg     . . .     Spirit   .   (helmet currently unavailable)
rPois    x         Reflect  .   (no amulet)
rElec    .         Harm     .   c - +6 ring of dexterity
rCorr    .         Rampage  .   h - ring of wizardry
Will     .....                  r - ring of see invisible
Stlth    ++........             (no ring)
HPRegen  0.15/turn              (no ring)
MPRegen  0.12/turn              (no ring)
                                (no ring)
                                (no ring)

@: spider-form
A: venomous fangs, almost no armour, (amphibious), 8 rings, tiny, (camouflage
1), (gelatinous body 1), (nimble swimmer 1), (tentacles)
a: End Transformation, Renounce Religion


You were on level 5 of the Dungeon.
You worshipped Dithmenos.
Dithmenos was noncommittal.
You were a venomous arachnid creature.
You visited 2 branches of the dungeon, and saw 6 of its levels.

You collected 146 gold pieces.

Inventory:

Missiles
 e - 12 boomerangs (quivered)
Jewellery
 c - a +6 ring of dexterity (left front leg)
 h - a ring of wizardry (right front leg)
 r - a ring of see invisible (on tentacle)
Wands
 p - a wand of paralysis (4)
 q - a wand of iceblast (7)
Scrolls
 b - a scroll of immolation {unknown}
 f - a scroll of fear {unknown}
 g - a scroll of blinking {unknown}
 j - 2 scrolls of identify {unknown}
 k - a scroll of magic mapping {unknown}
 m - a scroll of teleportation {unknown}
 s - a scroll of acquirement {unknown}
 t - a scroll of enchant armour {unknown}
Potions
 a - 2 potions of mutation {unknown}
 d - a potion of haste {unknown}
 i - a potion of degeneration {unknown}
 l - 2 potions of curing {unknown}
 n - a potion of magic {unknown}
 o - a potion of might {unknown}


   Skills:
 + Level 3.5 Fighting
 - Level 2.4 Dodging
 + Level 4.6 Unarmed Combat
 - Level 3.0 Spellcasting
 + Level 4.0 Transmutations
 - Level 3.0 Poison Magic
 + Level 2.2 Invocations


You had 2 spell levels left.
You knew the following spells:

 Your Spells              Type           Power      Damage    Failure   Level
a - Beastly Appendage     Tmut           32%        N/A       4%          1
b - Wereblood             Tmut           16%        N/A       6%          2
c - Spider Form           Tmut/Pois      7%         N/A       12%         3
d - Ice Form              Ice/Tmut       9%         N/A       45%         4

Your spell library contained the following spells:

 Spells                   Type           Power      Damage    Failure   Level


Dungeon Overview and Level Annotations

Branches:
Dungeon (5/15)             Temple (1/1) D:4

Altars:
Ashenzari
Dithmenos
Elyvilon
Fedhas
Gozag
Hepliaklqana
Kikubaaqudgha
Makhleb
Nemelex Xobeh
Okawaru
Qazlal
Ru
Sif Muna
Trog
Uskayaw
Vehumet
Wu Jian
Xom
Yredelemnul
Zin
The Shining One

Shops:
D:4 (


Innate Abilities, Weirdness & Mutations

You are a venomous arachnid creature.
You have poisonous fangs.
You are tiny and dextrous.
Your spellcasting is less reliable in this form.
Your armour is entirely melded.
You are incapable of wielding weapons or throwing items.
You cannot wear most types of armour.
((You are amphibious.))
You can wear up to eight rings at the same time.
((Your skin changes colour to match your surroundings (Stealth+).))
((Your rubbery body absorbs attacks. (AC +1, EV +1)))
((You are camouflaged near water. (Stealth+)))
((You have tentacles for arms and can constrict up to eight enemies at once.))


Message History

Confirm with . or Enter, or press ? or * to list all spells.
You turn into a venomous arachnid creature.
The gnoll sergeant hits you from afar with a +4 vampiric spear!
The gnoll sergeant hits you with a +4 vampiric spear!
You hit the gnoll sergeant.
The gnoll sergeant is poisoned.
The gnoll sergeant is lightly wounded.
The gnoll sergeant misses you.
You hit the gnoll sergeant but do no damage.
The gnoll sergeant is lightly wounded.
The gnoll sergeant hits you with a +4 vampiric spear!
The gnoll sergeant draws strength from your wounds!
You hit the gnoll sergeant.
The gnoll sergeant looks as sick as possible!
The gnoll sergeant is moderately wounded.
The gnoll sergeant completely misses you.
You hit the gnoll sergeant but do no damage.
The gnoll sergeant looks as sick as possible!
The gnoll sergeant is moderately wounded.
The gnoll sergeant barely misses you.
You hit the gnoll sergeant but do no damage.
The gnoll sergeant looks as sick as possible!
The gnoll sergeant is moderately wounded.
The gnoll sergeant hits you with a +4 vampiric spear!
* * * LOW HITPOINT WARNING * * *
The gnoll sergeant draws strength from your wounds!
You hit the gnoll sergeant.
The gnoll sergeant is heavily wounded.
The gnoll sergeant closely misses you.
Okay, then.
Okay, then.
You hit the gnoll sergeant.
The gnoll sergeant is severely wounded.
The gnoll sergeant misses you.
You barely miss the gnoll sergeant.
The gnoll sergeant is severely wounded.
The gnoll sergeant completely misses you.
You barely miss the gnoll sergeant.
The gnoll sergeant is almost dead.
The gnoll sergeant hits you with a +4 vampiric spear!
You die...

## ####### ##. $....# #..
#...# # #.### ###..##### #.
#...###....<...#####.######
#g###.###÷s................
#..#..(#.g.###.###....<....
##...#(..#..# #.....#####.
#..###.###.# #.#.# #.
#....###...# # #.
#..###.###.# #.
....#...#..# #.
#..#....(..## .# #.
#..###...#####.#. #.


You could see a gnoll sergeant (extremely poisoned).

Vanquished Creatures
  A black bear (D:3)
  A necrophage (D:4)
  A scorpion (D:5)
  A water moccasin skeleton (D:5)
  A centaur skeleton (D:5)
  2 hounds (D:5)
  4 iguanas (D:5)
  3 gnolls (D:5)
  4 adders
  A dart slug (D:1)
  2 orcs
  10 endoplasms
  4 giant cockroaches
  5 goblins
  5 hobgoblins
  2 jackals (D:4)
  5 kobolds
  4 quokkas
  6 ball pythons
  A ball python skeleton (D:2)
  4 bats
  A frilled lizard (D:1)
  4 rats
72 creatures vanquished.

Notes
Turn   | Place    | Note
-------+----------+-------------------------------------------
     0 | D:1      | Gwenloh the Octopode Transmuter began the quest for the
                  | Orb.
     0 | D:1      | Reached XP level 1. HP: 13/13 MP: 3/3
   277 | D:1      | Found a faded altar of an unknown god.
   383 | D:1      | Reached XP level 2. HP: 15/18 MP: 3/5
   387 | D:1      | Learned a level 2 spell: Wereblood
  1159 | D:1      | Reached XP level 3. HP: 23/23 MP: 4/6
  1724 | D:2      | Learned a level 3 spell: Spider Form
  2547 | D:3      | Reached XP level 4. HP: 28/29 MP: 5/7
  2733 | D:3      | You fall into a shaft and drop 1 floor!
  2733 | D:4      | Noticed a necrophage
  2733 | D:4      | Found a staircase to the Ecumenical Temple.
  2748 | D:4      | Killed a necrophage
  2749 | D:4      | Reached skill level 1 in Poison Magic
  2749 | D:4      | Reached XP level 5. HP: 12/34 MP: 5/9
  2753 | Temple   | Entered the Ecumenical Temple
  3065 | Temple   | Became a worshipper of Dithmenos the Shadowed
  3135 | D:4      | Found Boeffahi's Antique Weapon Shoppe.
  3511 | D:3      | Noticed a black bear
  3524 | D:3      | Killed a black bear
  3525 | D:3      | Reached XP level 6. HP: 5/41 MP: 4/10
  4304 | D:5      | Entered Level 5 of the Dungeon
  4539 | D:5      | Reached skill level 1 in Invocations
  4681 | D:5      | Reached XP level 7. HP: 11/46 MP: 6/11
  5418 | D:5      | Learned a level 4 spell: Ice Form
  5710 | D:5      | Slain by a gnoll sergeant

Illustrated notes

Levels and vault maps discovered:
D:1:      evilmike_arrival_rings, layout_basic, chequers_ecumenical_altar_island
D:2:      minmay_inner_zag, layout_loops_ring
D:3:      layout_loops_ring
D:4:      layout_cave_pools, minmay_temple_entry_glass, serial_shops,
          shop_statue
D:5:      layout_loops_ring, minmay_between
Temple:   kilobyte_greek_temple

Skill      XL: |  1  2  3  4  5  6  7 |
---------------+----------------------+-----
Fighting       | 2 3 |  3.5
Poison Magic   | 1 2 3 |  3.0
Unarmed Combat | 4 |  4.6
Spellcasting   | 3 |  3.0
Transmutations | 3 4 |  4.0
Invocations    | 1 2 |  2.2
Dodging        | |  2.4

Action                   |  1- 3 |  4- 6 |  7- 9 || total
-------------------------+-------+-------+-------++-------
Melee: Unarmed           |    84 |    77 |    40 ||   201
       Kick              |    23 |     4 |       ||    27
       Constrict         |    22 |    10 |       ||    32
       Tentacles         |    14 |    10 |       ||    24
       Punch             |     4 |     1 |       ||     5
 Cast: Beastly Appendage |    26 |    12 |       ||    38
       Spider Form       |     1 |     6 |     6 ||    13
       Wereblood         |       |     2 |       ||     2
 Stab: Sleeping          |    13 |     5 |     1 ||    19
Armor: Skin              |     5 |     4 |     2 ||    11
Dodge: Dodged            |    37 |    73 |    32 ||   142
